 Dungeon Crawl Stone Soup version 0.30-a0-169-g06f667207d (webtiles) character file.

Game seed: 3564538581359200692

446 Querens the Magician (level 6, -1/32 HPs)
             Began as a Deep Elf Conjurer on Sept 30, 2022.
             Was an Initiate of Vehumet.
             Slain by an ogre
             ... wielding a +0 giant club
              (33 damage)
             ... on level 5 of the Dungeon.
             The game lasted 00:11:06 (2691 turns).

Querens the Magician (Deep Elf Conjurer)            Turns: 2691, Time: 00:11:06

Health: -1/32      AC:  5    Str:  4    XL:     6   Next: 73%
Magic:  17/17      EV: 16    Int: 28    God:    Vehumet [......]
Gold:   225        SH:  0    Dex: 16    Spells: 7/18 levels left

rFire   + . .      SeeInvis .    B - +5 falchion of Deantean {spect, *Noise rF+ Int+3 Dex+3}
rCold   . . .      Faith    .    (no shield)
rNeg    . . .      Spirit   .    a - +0 robe
rPois   +          Reflect  .    o - +0 helmet
rElec   .          Harm     .    n - +0 cloak {rPois}
rCorr   .          Rampage  .    (no gloves)
Will    .....                    y - +0 pair of boots
Stlth   ++........               (no amulet)
HPRegen 0.10/turn                A - +4 ring of evasion
MPRegen 0.15/turn                (no ring)

@: no status effects
A: no striking features
a: Renounce Religion


You were on level 5 of the Dungeon.
You worshipped Vehumet.
Vehumet was noncommittal.
You visited 2 branches of the dungeon, and saw 6 of its levels.

You collected 225 gold pieces.

Inventory:

Hand Weapons
 B - the +5 falchion of Deantean (weapon) {spect, *Noise rF+ Int+3 Dex+3}
   (You found it on level 5 of the Dungeon)

   When its wielder attacks, the weapon's spirit leaps out and strikes again.
   The spirit shares a part of any damage it takes with its wielder.
   Int:       It affects your intelligence (+3).
   Dex:       It affects your dexterity (+3).
   rF:        It protects you from fire.
   *Noise:    It may make noises in combat.
Armour
 a - a +0 robe (worn)
 n - a +0 cloak of poison resistance (worn)
 o - a +0 helmet (worn)
 y - a +0 pair of boots (worn)
Jewellery
 A - a +4 ring of evasion (left hand)
Wands
 q - a wand of digging (1)
 u - a wand of charming (9)
Scrolls
 c - a scroll of magic mapping {unknown}
 d - 6 scrolls of identify {unknown}
 e - 3 scrolls of teleportation {unknown}
 h - a scroll of poison {unknown}
 i - 3 scrolls of fear {unknown}
 l - 3 scrolls of fog {unknown}
 m - a scroll of amnesia {unknown}
 s - a scroll of vulnerability {unknown}
 v - a scroll of enchant weapon {unknown}
Potions
 b - 2 potions of magic
 f - a potion of ambrosia {unknown}
 g - a potion of degeneration {unknown}
 k - 5 potions of curing {unknown}
 p - a potion of invisibility {unknown}
 r - 2 potions of might {unknown}
 t - 2 potions of heal wounds {unknown}
 w - a potion of brilliance {unknown}
 x - a potion of mutation {unknown}
 z - a potion of berserk rage {unknown}


   Skills:
 - Level 2.4 Dodging
 - Level 2.4 Stealth
 + Level 6.7 Spellcasting
 + Level 6.7 Conjurations
 + Level 2.5 Translocations


You had 7 spell levels left.
You knew the following spells:

 Your Spells              Type           Power      Damage    Failure   Level
a - Magic Dart            Conj           100%       1d8       1%          1
b - Searing Ray           Conj           94%        2d7       1%          2
c - Iskenderun's Mystic   Conj/Tloc      35%        2d8       9%          4
d - Fulminant Prism       Conj/Hex       14%        3d9       14%         4

Your spell library contained the following spells:

 Spells                   Type           Power      Damage    Failure   Level
 Momentum Strike          Conj/Tloc      70%        3d9       1%          2
 Blink                    Tloc           46%        N/A       3%          2
 Dazzling Flash           Conj/Hex       56%        N/A       4%          3
 Lesser Beckoning         Tloc           23%        N/A       6%          3
 Cigotuvi's Dreadful Rot  Necr/Pois/Air  18%        N/A       9%          2
 Poisonous Vapours        Pois/Air       18%        N/A       9%          2


Dungeon Overview and Level Annotations

Branches:
Dungeon (5/15)             Temple (1/1) D:4

Altars:
Ashenzari
Elyvilon
Gozag
Hepliaklqana
Kikubaaqudgha
Nemelex Xobeh
Okawaru
Ru
Trog
Vehumet
Xom
Zin
The Shining One


Message History

Aiming: Searing Ray (safe; 1% risk of failure)
Press: ? - help, Shift-Dir - straight line, f/p - phantom
Aim: a phantom (almost destroyed, 75% to hit)
The searing ray hits the phantom but does no damage.
The phantom is almost destroyed. (Press . to maintain the ray.)
The phantom barely misses you.
The searing ray hits the phantom.
You destroy the phantom!
Vehumet accepts your kill.
i - 3 scrolls labelled ZEANOPTULAR (gained 1)
Found a sedimented coppery potion and a robe.
Found a potion of magic.
Found 18 gold pieces.
You see here a +0 robe.
k - 5 sedimented coppery potions (gained 1)
You now have 205 gold pieces (gained 18).
Found 10 gold pieces.
You now have 215 gold pieces (gained 10).
Found 4 stones and 10 gold pieces.
Magic restored.
You now have 225 gold pieces (gained 10).
b - 2 potions of magic (gained 1)
An orc comes into view. It is wielding a +0 dagger.
You see here 4 stones.
Found a stone staircase leading up.
Found a steaming falchion.
You see here the +5 falchion of Deantean {spect, *Noise rF+ Int+3 Dex+3}.
B - the +5 falchion of Deantean {spect, *Noise rF+ Int+3 Dex+3} Your +2 flail of protection goes still.
You feel clever.
You feel agile.
You feel a bond with the +5 falchion of Deantean {spect, *Noise rF+ Int+3 Dex+3}.
B - the +5 falchion of Deantean (weapon)
{spect, *Noise rF+ Int+3 Dex+3} You drop a +2 flail of protection.
Okay, then.
An ogre comes into view. It is wielding a +0 giant club.
The ogre shouts!
The ogre hits you with a +0 giant club!!
Ouch! That really hurt!
You die...

.# .# .# .#
## .# ##. .#
#..##.# #.@O#
#.#########
#.#.......#
#..).####.#
###.......#
####.###.###
..#
#.....##...#
#.#
#.##..######
# #.#
#.##..#######


You could see an ogre.

Vanquished Creatures
  A phantom (D:5)
  A hound (D:5)
  Crazy Yiuf (D:2)
  Jessica (D:3)
  An orc wizard (D:3)
  12 gnolls
  5 adders
  A white imp (D:5)
  3 worms
  A dart slug (D:3)
  4 orcs
  3 bats
  3 endoplasms
  3 giant cockroaches
  13 goblins
  4 hobgoblins
  8 jackals
  6 quokkas
  5 ball pythons
  3 frilled lizards
  7 kobolds
  3 rats (D:3)
89 creatures vanquished.

Vanquished Creatures (others)
  5 dream sheep (D:5)
  2 plants
7 creatures vanquished.

Grand Total: 96 creatures vanquished

Notes
Turn   | Place    | Note
-------+----------+-------------------------------------------
     0 | D:1      | Querens the Deep Elf Conjurer began the quest for the Orb.
     0 | D:1      | Reached XP level 1. HP: 10/10 MP: 6/6
   127 | D:1      | Reached XP level 2. HP: 14/15 MP: 3/8
   306 | D:1      | Reached skill level 5 in Conjurations
   306 | D:1      | Reached XP level 3. HP: 17/19 MP: 1/10
   309 | D:1      | Learned a level 2 spell: Searing Ray
   548 | D:2      | Found a faded altar of an unknown god.
   691 | D:2      | Reached XP level 4. HP: 24/24 MP: 8/12
   712 | D:2      | Found a shimmering altar of Xom.
   756 | D:2      | Found a runed translucent door.
   757 | D:2      | Noticed Crazy Yiuf
   763 | D:2      | Killed Crazy Yiuf
   764 | D:2      | Reached skill level 5 in Spellcasting
  1121 | D:3      | Noticed Jessica
  1125 | D:3      | Killed Jessica
  1175 | D:3      | Found an opulent altar of Gozag.
  1208 | D:3      | Found a glowing silver altar of Zin.
  1296 | D:3      | Reached XP level 5. HP: 28/28 MP: 10/14
  1346 | D:3      | Found a hazy altar of Hepliaklqana.
  1397 | D:3      | Learned a level 4 spell: Iskenderun's Mystic Blast
  1402 | D:3      | Learned a level 4 spell: Fulminant Prism
  1499 | D:3      | Found a sacrificial altar of Ru.
  1633 | D:4      | Found a white marble altar of Elyvilon.
  1761 | D:4      | Found an iron altar of Okawaru.
  1803 | D:4      | Found a sparkling altar of Nemelex Xobeh.
  2055 | D:4      | Found a staircase to the Ecumenical Temple.
  2064 | Temple   | Entered the Ecumenical Temple
  2074 | Temple   | Became a worshipper of Vehumet
  2096 | D:4      | Reached skill level 1 in Translocations
  2167 | D:4      | Reached XP level 6. HP: 30/32 MP: 5/17
  2438 | D:5      | Entered Level 5 of the Dungeon
  2488 | D:5      | Noticed an orc warrior
  2519 | D:5      | Noticed a dream sheep
  2519 | D:5      | Noticed a dream sheep
  2519 | D:5      | Noticed a dream sheep
  2519 | D:5      | Noticed a dream sheep
  2519 | D:5      | Noticed a dream sheep
  2519 | D:5      | Found a shimmering altar of Xom.
  2523 | D:5      | Killed a dream sheep
  2523 | D:5      | Killed a dream sheep
  2523 | D:5      | Killed a dream sheep
  2523 | D:5      | Killed a dream sheep
  2523 | D:5      | Killed a dream sheep
  2674 | D:5      | Identified the +5 falchion of Deantean {spect, *Noise rF+
                  | Int+3 Dex+3}
  2691 | D:5      | Slain by an ogre

Illustrated notes

Levels and vault maps discovered:
D:1:      giann_wishing_wells, layout_rooms, serial_forest,
          infiniplex_forest_lined_room_2, infiniplex_forest_lined_corner,
          infiniplex_forest_clump_C, infiniplex_forest_clump_tiny,
          infiniplex_forest_lined_1, infiniplex_forest_end_1,
          infiniplex_forest_lined_corner
D:2:      layout_loops_ring, ebering_ecumenical_altar_rust, basic_altar,
          uniq_crazy_yiuf_cottage
D:3:      layout_basic, pdpol_temple_overflow_zin_treasury_gozag_greed,
          mainiacjoe_overflow_boulevard, nicolae_ru_great_annihilating_truth,
          minmay_door_square, uniq_jessica
D:4:      layout_cave_pools, mainiacjoe_overflow_large_starburst,
          marbit_many_paths, minmay_temple_entry_gardened_gates,
          serial_co_window_serial, co_window_paths_a, co_window_paths_a,
          co_window_cross_1, co_window_of_opportunity_a, co_window_paths_b,
          co_window_corner_ca, co_window_broadway_b, co_window_of_opportunity_c,
          co_window_broadway_c, co_window_of_opportunity_b, co_window_corner_b,
          co_window_4corner_a, glass_columns_a, glass_columns_a,
          grunt_ministairs_15
D:5:      layout_basic, kb_xom_exploding_sheep
Temple:   nicolae_temple_bog_church

Skill      XL: |  1  2  3  4  5  6 |
---------------+-------------------+-----
Spellcasting   | 4 5 6 |  6.7
Conjurations   | 5 6 |  6.7
Translocations | 1 2 |  2.5
Dodging        | |  2.4
Stealth        | |  2.4

Action                   |  1- 3 |  4- 6 || total
-------------------------+-------+-------++-------
Melee: Unarmed           |    12 |       ||    12
       Flail             |       |    19 ||    19
 Cast: Magic Dart        |    46 |    21 ||    67
       Searing Ray       |     4 |    22 ||    26
 Stab: Sleeping          |       |     2 ||     2
       Paralysed         |       |     1 ||     1
Armor: Robe              |     3 |    12 ||    15
Dodge: Dodged            |    21 |    38 ||    59

Table legend: (Time is in decaauts)
 A = Elapsed time spent in this place.
 B = Non-inter-level travel time spent in this place.
 C = Inter-level travel time spent in this place.
 D = Time resting spent in this place.
 E = Time spent auto-exploring this place.
 F = Levels seen in this place.
 G = Mean time per level.
                   A        B        C        D        E       F      G
               +--------+--------+--------+--------+--------+-----+--------+
         Total |   2696 |   2444 |    252 |      0 |      0 |   6 |  449.3 |
       Dungeon |   2676 |   2433 |    243 |      0 |      0 |   5 |  535.2 |
        Temple |     20 |     11 |      9 |      0 |      0 |   1 |   20.0 |
               +--------+--------+--------+--------+--------+-----+--------+

Top non-repeatable levels by time:
     D:4: 816 daAuts
     D:3: 696 daAuts
     D:2: 560 daAuts
     D:1: 368 daAuts
     D:5: 234 daAuts
  Temple: 20 daAuts
